 Dungeon Crawl Stone Soup version 0.13.0-11-g0187522 (webtiles) character file.

532 Leibowitz the Ducker (level 6, -4/58 HPs)
             Began as a Kobold Berserker on Oct 18, 2013.
             Was a Priest of Trog.
             Slain by Duvessa
             ... wielding a +6,+2 elven sabre of speed
              (11 damage)
             ... on Level 4 of the Dungeon.
             The game lasted 00:07:29 (2806 turns).

Leibowitz the Ducker (Kobold Berserker)             Turns: 2806, Time: 00:07:29

HP  -4/58        AC  3     Str 21      XL: 6   Next: 76%
MP   5/5         EV 18     Int  5      God: Trog [***...]
Gold 210         SH  0     Dex 17      Spells:  0 memorised,  5 levels left

Res.Fire  : . . .   See Invis. : +   o - +1,+0 dagger (elec)
Res.Cold  : . . .   Warding    : .   b - +0 animal skin
Life Prot.: . . .   Conserve   : .   (no shield)
Res.Poison: +       Res.Corr.  : .   (no helmet)
Res.Elec. : .       Clarity    : .   (no cloak)
Sust.Abil.: . .     Spirit.Shd : .   i - +0 pair of gloves
Res.Mut.  : .       Stasis     : .   (no boots)
Res.Rott. : .       Flight     : .   (no amulet)
Saprovore : + + .                    p - ring of poison resistance {unknown}
                                     x - ring of see invisible {unknown}

@: berserking, very quick, slightly resistant to hostile enchantments, extremely
unstealthy
A: disease resistance, carnivore 3, saprovore 2
a: Burn Spellbooks, Berserk, Trog's Hand, Renounce Religion


You were on level 4 of the Dungeon.
You worshipped Trog.
Trog was most pleased with you.
You were not hungry.

You visited 1 branch of the dungeon, and saw 4 of its levels.

You collected 190 gold pieces.

Inventory:

Hand weapons
 a - a +0,+0 short sword
 o - a +1,+0 dagger of electrocution (weapon)
Missiles
 A - 23 poisoned needles
Armour
 b - a +0 animal skin (worn)
 i - a +0 pair of gloves (worn)
Magical devices
 y - a wand of teleportation (4) {unknown}
Comestibles
 c - 3 meat rations
Scrolls
 e - 2 scrolls of blinking {unknown}
 f - a scroll of enchant armour {unknown}
 j - a scroll of curse jewellery {unknown}
 k - 2 scrolls of teleportation {unknown}
 l - a scroll of remove curse {unknown}
 m - 2 scrolls of amnesia {unknown}
 q - a scroll of fog {unknown}
 r - 2 scrolls of recharging {unknown}
 s - a scroll of magic mapping {unknown}
 t - a scroll of random uselessness {unknown}
 z - 2 scrolls of identify {unknown}
Jewellery
 n - a +0,+8 ring of slaying {unknown}
 p - a ring of poison resistance (right hand) {unknown}
 x - a ring of see invisible (left hand) {unknown}
Potions
 d - 2 potions of curing {unknown}
 g - 2 potions of restore abilities {unknown}
 h - 2 potions of resistance {unknown}
 u - a potion of agility {unknown}
 v - a potion of magic {unknown}
 w - a potion of beneficial mutation {unknown}


   Skills:
 * Level 4.5 Fighting
 + Level 5.2 Short Blades
 + Level 1.9 Armour
 * Level 5.5 Dodging
 * Level 3.3 Stealth


You had 5 spell levels left.
You didn't know any spells.

Dungeon Overview and Level Annotations

Branches:
Dungeon (4/27)
 Temple: D:4-7

Altars:
Makhleb
Okawaru

Portals:
Ziggurat: D:3 (4750 gp)

Annotations:
D:4 Duvessa


Innate Abilities, Weirdness & Mutations

You recuperate from illness quickly.
You are small and have problems with some larger weapons.
You are carnivorous and can eat meat at any time.
You can eat rotten meat.


Message History

You hit Dowan but do no damage.
Dowan is almost dead.
Duvessa misses you.
You slash Dowan!
You kill Dowan!
Trog accepts your kill.
Trog appreciates your killing of a magic user.
Duvessa screams in rage.
Duvessa goes berserk!
Duvessa completely misses you.
You hit Duvessa.
Duvessa is lightly wounded.
Duvessa hits you with a runed elven sabre.
* * * LOW HITPOINT WARNING * * *
You hit Duvessa.
Duvessa is lightly wounded.
Duvessa closely misses you.
You hit Duvessa.
Duvessa is moderately wounded.
Duvessa hits you with a runed elven sabre!
You die...

#.. ... #.# ### #..
#.. #.# #.###
#.#########.###.#..
#..................
#..e........###e#.#
#.@.........# #.#.#
#.##)#############.#.#
#......e...........#..
####.#################
#.. ##### #.. .....
.... ..... #..# .....
#..# .....


You could see Duvessa (berserk).

Vanquished Creatures
  An ogre (D:3)
  Dowan (D:4)
  An orc priest (D:3)
  2 worker ants (D:4)
  2 adders (D:3)
  3 gnolls (D:4)
  2 worms (D:3)
  2 oozes (D:1)
  5 orcs (D:3)
  5 ball pythons
  2 giant cockroaches
  5 hobgoblins
  6 jackals
  6 kobolds
  A quokka (D:4)
  7 bats
  3 giant newts
  6 goblins
  7 rats
67 creatures vanquished.

Notes
Turn   | Place    | Note
--------------------------------------------------------------
     0 | D:1      | Leibowitz, the Kobold Berserker, began the quest for the Orb.
     0 | D:1      | Reached XP level 1. HP: 14/14 MP: 0/0
   437 | D:1      | Reached XP level 2. HP: 19/19 MP: 1/1
  1175 | D:2      | Reached XP level 3. HP: 24/24 MP: 2/2
  1373 | D:2      | Acquired Trog's second power
  1493 | D:2      | Found a burning altar of Makhleb.
  1493 | D:2      | Found an iron altar of Okawaru.
  1641 | D:3      | Found a gateway to a ziggurat.
  1798 | D:3      | Reached skill level 1 in Stealth
  1883 | D:3      | Reached XP level 4. HP: 21/29 MP: 3/3
  1917 | D:3      | Noticed an ogre
  1927 | D:3      | Killed an ogre
  1927 | D:3      | Reached XP level 5. HP: 33/33 MP: 4/4
  1995 | D:3      | Reached skill level 5 in Short Blades
  2096 | D:3      | Reached XP level 6. HP: 39/39 MP: 5/5
  2521 | D:4      | Reached skill level 5 in Dodging
  2766 | D:4      | Noticed Duvessa
  2769 | D:4      | Noticed Dowan
  2803 | D:4      | Killed Dowan
  2806 | D:4      | Slain by Duvessa

Action                   |  1- 3 |  4- 6 || total
-------------------------+-------+-------++-------
Melee: Short sword       |   100 |       ||   100
       Dagger            |    16 |    67 ||    83
Invok: Berserk           |       |     2 ||     2
 Stab: Sleeping          |       |     3 ||     3
